Blues vs Kings
Created - 28 octobre 2013 at 19:02
Goals
|
| Blues |
1 |
1 |
2 |
4 |
| Kings |
2 |
0 |
3 |
5 |
|
Shots
|
| Blues |
4 |
13 |
14 |
31 |
| Kings |
13 |
5 |
10 |
28 |
|
1st period
1. Kings , Steve Regier 1 (Peter Regin, Bryan McCabe) at 8:11
2. Blues , Paul Kariya 3 (Brian Lee) at 8:56
3. Kings , Jason Arnott 2 (Patrick Kane, Bryan McCabe) at 16:13
Penalties :
Jason Arnott (LAK) for Hooking (Minor) at 9:43, Patrick Kane (LAK) for Holding (Minor) at 13:27
2nd period
4. Blues , Jamie Langenbrunner 1 (Nik Antropov) at 6:24
Penalties :
Danny Richmond (LAK) for Hooking (Minor) at 7:20, Jarome Iginla (STL) for Interference (Minor) at 7:20, Anze Kopitar (LAK) for Interference (Minor) at 11:20, Darcy Hordichuk (STL) for Checking from behind (Major) at 11:20, Adrian Aucoin (LAK) for Tripping (Minor) at 18:13
3rd period
5. Blues , Nik Antropov 1 (Jarome Iginla, Paul Kariya) at 3:09 (PP)
6. Kings , Antti Miettinen 2 (Adrian Aucoin, Derek Boogaard) at 11:40
7. Kings , Patrick Kane 4 (Sergei Gonchar, Anze Kopitar) at 12:23 (PP)
8. Blues , Jamie Langenbrunner 2 (Nik Antropov, Joe Corvo) at 16:02
9. Kings , Derek Boogaard 2 (Antti Miettinen, Jason Arnott) at 17:18
Penalties :
Antti Miettinen (LAK) for Hooking (Minor) at 2:53, Derick Brassard (LAK) for Hooking (Minor) at 3:38, Brian Lee (STL) for Tripping (Minor) at 6:59, Steve Regier (LAK) for Roughing (Minor) at 9:03, Jonas Hoglund (LAK) for Interference (Minor) at 9:17, Jarome Iginla (STL) for Slashing (Minor) at 12:17, Jonas Hoglund (LAK) for Roughing (Minor) at 19:36
Goalie Stats
Tuukka Rask (STL), 23 saves from 28 shots - (0,821), L, 1-2-0, 59:05 minutes
Antti Niemi (LAK), 27 saves from 31 shots - (0,871), W, 2-2-0, 60:00 minutes
Players Stats for Blues
Player Name G A P +/- PIM S H SB GA TA FO MP PP MP PK MP
------------------------------------------------------------------------------------
Andrew Cogliano 0 0 0 -1 0 0 0 1 0 0 1/1 6:53 0:00 1:08
Blake Wheeler 0 0 0 -2 0 0 1 0 1 0 1/2 10:54 0:12 0:00
Brent Burns 0 0 0 -3 0 0 1 3 0 1 0/0 24:59 5:58 1:53
Brian Lee 0 1 1 1 2 1 1 0 1 0 0/0 15:02 4:50 0:12
Bryce Lampman 0 0 0 1 0 0 2 3 1 0 0/0 20:22 0:00 2:53
Dan Boyle 0 0 0 0 0 4 0 1 1 1 0/0 26:46 5:58 0:19
Darcy Hordichuk 0 0 0 -2 5 2 1 0 1 0 0/1 11:42 0:07 1:19
David Perron 0 0 0 1 0 0 0 0 0 0 0/0 14:34 4:15 1:30
Drew Fata 0 0 0 -2 0 0 0 3 0 0 0/0 16:07 0:00 3:00
Jamie Langenbrunner 2 0 2 1 0 2 1 0 0 0 1/1 13:36 4:15 0:32
Jarome Iginla 0 1 1 1 4 2 2 0 0 0 0/1 22:02 6:23 0:00
Joe Corvo 0 1 1 1 0 2 0 0 0 0 0/0 16:44 4:50 1:53
Kristian Huselius 0 0 0 -1 0 2 1 0 0 0 0/0 7:37 0:00 1:24
Matthew Lombardi 0 0 0 -2 0 1 4 0 1 0 3/10 12:45 0:00 2:35
Nik Antropov 1 2 3 1 0 5 1 0 0 1 8/16 19:32 6:24 1:05
Paul Kariya 1 1 2 1 0 5 2 0 2 0 1/1 22:57 6:26 0:37
Steve Bernier 0 0 0 -1 0 0 0 0 0 0 0/1 8:30 0:07 0:00
Travis Zajac 0 0 0 1 0 5 1 0 0 0 20/33 19:51 4:15 0:00
Players Stats for Kings
Player Name G A P +/- PIM S H SB GA TA FO MP PP MP PK MP
------------------------------------------------------------------------------------
Adrian Aucoin 0 1 1 0 2 0 1 3 0 0 0/0 11:35 0:33 0:00
Alex Tanguay 0 0 0 1 0 0 0 0 0 0 1/1 11:17 0:00 1:48
Antti Miettinen 1 1 2 0 2 5 0 1 0 0 0/1 11:51 1:57 0:00
Anze Kopitar 0 1 1 -1 2 1 1 0 0 2 12/28 21:12 2:43 4:05
Brian McGrattan 0 0 0 1 0 0 0 0 0 0 0/0 7:12 0:33 0:00
Bryan McCabe 0 2 2 2 0 0 3 1 1 1 0/0 20:54 1:29 4:20
Danny Richmond 0 0 0 2 2 1 3 1 0 0 0/0 20:10 1:29 4:20
Derek Boogaard 1 1 2 0 0 2 0 1 1 0 1/1 16:55 1:57 1:55
Derick Brassard 0 0 0 0 2 0 1 0 0 0 2/4 10:17 1:57 0:24
Guillaume Latendresse 0 0 0 -1 0 0 1 1 0 1 1/5 15:58 2:24 0:00
Jason Arnott 1 1 2 1 2 5 0 1 1 1 12/19 18:54 0:38 4:21
Jay Bouwmeester 0 0 0 -1 0 1 1 4 0 1 0/0 30:19 3:03 6:28
Jeff Schultz 0 0 0 0 0 0 0 1 0 0 0/0 9:29 0:33 0:00
Jonas Hoglund 0 0 0 0 4 4 1 0 0 0 0/1 13:49 0:00 4:46
Patrick Kane 1 1 2 0 2 5 1 0 0 2 1/3 20:43 2:17 2:24
Peter Regin 0 1 1 1 0 1 1 0 0 0 1/3 6:55 0:49 0:00
Sergei Gonchar 0 1 1 -1 0 2 0 2 0 0 0/0 29:37 3:03 6:28
Steve Regier 1 0 1 1 2 1 0 0 0 0 1/1 6:12 0:00 0:07
3 Stars
1 - Nik Antropov (STL)
2 - Jamie Langenbrunner (STL)
3 - Paul Kariya (STL)
Power Play
Blues - 1 on 8 Attempt(s) - 12,50%
Kings - 1 on 2 Attempt(s) - 50,00%
Penalty Kill
Blues - 1 on 2 Attempt(s) - 50,00%
- Score 0 goal in Penalty Kill
Kings - 7 on 8 Attempt(s) - 87,50%
- Score 0 goal in Penalty Kill
Official
Referees : Ciamaga Chris and StPierre Justin
Linesman : Scott Driscoll and Vaughan Rody
Game Notes
No Game Note
Finance
Level 1 -- Attendance: 6000 (100,00%) -- Ticket Income 450 000 $
Level 2 -- Attendance: 4481 (89,62%) -- Ticket Income 224 050 $
Level 3 -- Attendance: 1298 (64,90%) -- Ticket Income 51 920 $
Level 4 -- Attendance: 2804 (70,10%) -- Ticket Income 70 100 $
Luxury Box -- Attendance: 916 (91,60%) -- Ticket Income 114 500 $
Game was played at the Staples Center
Total Attendance: 15499 (86,11%)
Total Ticket Income: 910 570 $
Other Income: 136 586 $
Total Income: 1 047 156 $
Blues
5 vs 5 Forward
Center Left Wing Right Wing Time % Phy DF OF
1 Travis Zajac Paul Kariya Jarome Iginla 40 1 2 2
2 Nik Antropov David Perron Jamie Langenbrunner 30 1 2 2
3 Matthew Lombardi Darcy Hordichuk Blake Wheeler 20 1 2 2
4 Andrew Cogliano Kristian Huselius Steve Bernier 10 1 2 2
5 vs 5 Defense
Defense Defense Time % Phy DF OF
1 Dan Boyle Bryce Lampman 40 1 2 2
2 Drew Fata Brent Burns 30 1 2 2
3 Brian Lee Joe Corvo 20 1 2 2
4 Dan Boyle Brent Burns 10 1 2 2
PowerPlay Forward
Center Left Wing Right Wing Time % Phy DF OF
1 Nik Antropov Paul Kariya Jarome Iginla 60 1 2 2
2 Travis Zajac David Perron Jamie Langenbrunner 40 1 2 2
PowerPlay Defense
Defense Defense Time % Phy DF OF
1 Dan Boyle Brent Burns 60 1 2 2
2 Brian Lee Joe Corvo 40 1 2 2
Penalty Kill 4 Players Forward
Center Wing Time % Phy DF OF
1 Matthew Lombardi Darcy Hordichuk 60 1 2 2
2 Nik Antropov Jamie Langenbrunner 40 1 2 2
Penalty Kill 4 Players Defense
Defense Defense Time % Phy DF OF
1 Drew Fata Bryce Lampman 60 1 2 2
2 Brent Burns Joe Corvo 40 1 2 2
Penalty Kill - 3 Players Forward
Forward Time % Phy DF OF
1 Nik Antropov 60 1 2 2
2 Matthew Lombardi 40 1 2 2
Penalty Kill - 3 Players Defense
Defense Defense Time % Phy DF OF
1 Drew Fata Dan Boyle 60 1 2 2
2 Joe Corvo Bryce Lampman 40 1 2 2
4 vs 4 Forward
Center Wing Time % Phy DF OF
1 Travis Zajac Paul Kariya 60 1 2 2
2 Nik Antropov Jarome Iginla 40 1 2 2
4 vs 4 Defense
Defense Defense Time % Phy DF OF
1 Dan Boyle Drew Fata 60 1 2 2
2 Brent Burns Bryce Lampman 40 1 2 2
Last Minutes Offensive
Center Left Wing Right Wing Defense Defense
Travis Zajac Paul Kariya Jarome Iginla Dan Boyle Brent Burns
Last Minutes Defensive
Center Left Wing Right Wing Defense Defense
Nik Antropov Darcy Hordichuk Jamie Langenbrunner Bryce Lampman Drew Fata
Goaltenders
Starting : Tuukka Rask
Backup : Tim Thomas
Extra Forwards
Normal : Steve Bernier, Blake Wheeler, Kristian Huselius - PP : Blake Wheeler, Darcy Hordichuk - PK : David Perron
Extra Defensemen
Normal : Brian Lee, Drew Fata, Brent Burns - PP : Bryce Lampman - PK : Joe Corvo, Brian Lee
Penalty Shots
David Perron, Nik Antropov, Jarome Iginla, Paul Kariya, Travis Zajac
Kings
5 vs 5 Forward
Center Left Wing Right Wing Time % Phy DF OF
1 Anze Kopitar Guillaume Latendresse Patrick Kane 40 1 2 2
2 Jason Arnott Derek Boogaard Antti Miettinen 30 1 2 2
3 Derick Brassard Alex Tanguay Jonas Hoglund 20 1 2 2
4 Peter Regin Steve Regier Brian McGrattan 10 1 2 2
5 vs 5 Defense
Defense Defense Time % Phy DF OF
1 Sergei Gonchar Jay Bouwmeester 40 1 2 2
2 Danny Richmond Bryan McCabe 30 1 2 2
3 Jeff Schultz Adrian Aucoin 20 1 2 2
4 Sergei Gonchar Jay Bouwmeester 10 1 2 2
PowerPlay Forward
Center Left Wing Right Wing Time % Phy DF OF
1 Anze Kopitar Guillaume Latendresse Patrick Kane 60 1 2 2
2 Derick Brassard Derek Boogaard Antti Miettinen 40 1 2 2
PowerPlay Defense
Defense Defense Time % Phy DF OF
1 Sergei Gonchar Jay Bouwmeester 60 1 2 2
2 Danny Richmond Bryan McCabe 40 1 2 2
Penalty Kill 4 Players Forward
Center Wing Time % Phy DF OF
1 Jason Arnott Jonas Hoglund 60 1 2 2
2 Anze Kopitar Derek Boogaard 40 1 2 2
Penalty Kill 4 Players Defense
Defense Defense Time % Phy DF OF
1 Sergei Gonchar Jay Bouwmeester 60 1 2 2
2 Danny Richmond Bryan McCabe 40 1 2 2
Penalty Kill - 3 Players Forward
Forward Time % Phy DF OF
1 Anze Kopitar 60 1 2 2
2 Jason Arnott 40 1 2 2
Penalty Kill - 3 Players Defense
Defense Defense Time % Phy DF OF
1 Sergei Gonchar Jay Bouwmeester 60 1 2 2
2 Danny Richmond Bryan McCabe 40 1 2 2
4 vs 4 Forward
Center Wing Time % Phy DF OF
1 Anze Kopitar Patrick Kane 60 1 2 2
2 Jason Arnott Derek Boogaard 40 1 2 2
4 vs 4 Defense
Defense Defense Time % Phy DF OF
1 Sergei Gonchar Jay Bouwmeester 60 1 2 2
2 Danny Richmond Bryan McCabe 40 1 2 2
Last Minutes Offensive
Center Left Wing Right Wing Defense Defense
Anze Kopitar Guillaume Latendresse Patrick Kane Sergei Gonchar Adrian Aucoin
Last Minutes Defensive
Center Left Wing Right Wing Defense Defense
Anze Kopitar Derek Boogaard Jonas Hoglund Jeff Schultz Jay Bouwmeester
Goaltenders
Starting : Antti Niemi
Backup : Mike Brodeur
Extra Forwards
Normal : Patrick Kane, Guillaume Latendresse, Brian McGrattan - PP : Peter Regin, Jason Arnott - PK : Patrick Kane
Extra Defensemen
Normal : Adrian Aucoin, Jeff Schultz, Danny Richmond - PP : Adrian Aucoin - PK : Jeff Schultz, Adrian Aucoin
Penalty Shots
Anze Kopitar, Patrick Kane, Jason Arnott, Guillaume Latendresse, Antti Miettinen
% Time on Ice - Blues
Lines # - Real PCT - Wanted PCT - Time Play
Normal Forward
1 - 32% - 40% - 12:49
2 - 27% - 30% - 10:45
3 - 26% - 20% - 10:09
4 - 15% - 10% - 5:45
Normal Defense
1 - 41% - 40% - 16:05
2 - 29% - 30% - 11:38
3 - 24% - 20% - 9:19
4 - 6% - 10% - 2:26
PP Forward
1 - 61% - 60% - 6:33
2 - 39% - 40% - 4:15
PP Defense
1 - 55% - 60% - 5:58
2 - 45% - 40% - 4:50
PK Forward
1 - 90% - 60% - 4:33
2 - 10% - 40% - 0:32
PK Defense
1 - 63% - 60% - 3:12
2 - 37% - 40% - 1:53
PK3 Forward
1 - 0% - 60%
2 - 0% - 40%
PK3 Defense
1 - 0% - 60%
2 - 0% - 40%
44 Forward
1 - 79% - 60% - 3:09
2 - 21% - 40% - 0:49
44 Defense
1 - 68% - 60% - 2:42
2 - 32% - 40% - 1:16
Last Minute Offensive - 0:41
Last Minute Defensive - 0:00
Total
Forward - 60:00
Defense - 60:00
|
% Time on Ice - Kings
Lines # - Real PCT - Wanted PCT - Time Play
Normal Forward
1 - 34% - 40% - 13:18
2 - 30% - 30% - 11:57
3 - 21% - 20% - 8:06
4 - 15% - 10% - 6:06
Normal Defense
1 - 40% - 40% - 15:52
2 - 35% - 30% - 13:50
3 - 21% - 20% - 8:14
4 - 4% - 10% - 1:31
PP Forward
1 - 62% - 60% - 3:08
2 - 38% - 40% - 1:57
PP Defense
1 - 71% - 60% - 3:36
2 - 29% - 40% - 1:29
PK Forward
1 - 80% - 60% - 7:13
2 - 20% - 40% - 1:50
PK Defense
1 - 58% - 60% - 5:16
2 - 42% - 40% - 3:47
PK3 Forward
1 - 87% - 60% - 1:31
2 - 13% - 40% - 0:14
PK3 Defense
1 - 69% - 60% - 1:12
2 - 31% - 40% - 0:33
44 Forward
1 - 92% - 60% - 3:38
2 - 8% - 40% - 0:20
44 Defense
1 - 68% - 60% - 2:43
2 - 32% - 40% - 1:15
Last Minute Offensive - 0:00
Last Minute Defensive - 0:42
Total
Forward - 60:00
Defense - 60:00
|
Play by Play
1st period
0:01 of 1st period - Travis Zajac wins face-off versus Anze Kopitar in neutral zone.
1:00 of 1st period - Wrist shot by Jonas Hoglund.
1:00 of 1st period - Stopped by Tuukka Rask with a rebound.
1:02 of 1st period - Slapshot by Sergei Gonchar.
1:02 of 1st period - Shot Blocked by Brent Burns.
1:57 of 1st period - Slapshot by Nik Antropov.
1:57 of 1st period - Shot Misses the Net.
2:17 of 1st period - Wrist shot by Alex Tanguay.
2:17 of 1st period - Shot Misses the Net.
3:20 of 1st period - Snap shot by Steve Bernier.
3:20 of 1st period - Shot Misses the Net.
3:39 of 1st period - Icing by Blake Wheeler.
3:40 of 1st period - Matthew Lombardi wins face-off versus Jonas Hoglund in Blues zone.
3:40 of 1st period - Matthew Lombardi is hit by Adrian Aucoin.
6:16 of 1st period - Wrist shot by Peter Regin.
6:16 of 1st period - Shot Blocked by Dan Boyle.
6:18 of 1st period - Slapshot by Danny Richmond.
6:18 of 1st period - Shot Misses the Net.
6:36 of 1st period - Guillaume Latendresse is hit by Bryce Lampman and loses puck.
7:37 of 1st period - Icing by Danny Richmond.
7:38 of 1st period - Andrew Cogliano wins face-off versus Peter Regin in Kings zone.
7:53 of 1st period - Kristian Huselius is hit by Danny Richmond and loses puck.
8:09 of 1st period - Snap shot by Peter Regin.
8:09 of 1st period - Shot Misses the Net.
8:11 of 1st period - Wrist shot by Steve Regier.
8:11 of 1st period - Goal by Steve Regier - Blues : 0 - Kings : 1.
8:12 of 1st period - Anze Kopitar wins face-off versus Travis Zajac in neutral zone.
8:56 of 1st period - Slapshot by Paul Kariya.
8:56 of 1st period - Goal by Paul Kariya - Blues : 1 - Kings : 1.
8:57 of 1st period - Nik Antropov wins face-off versus Anze Kopitar in neutral zone.
9:24 of 1st period - Wrist shot by Antti Miettinen.
9:24 of 1st period - Shot Misses the Net.
9:26 of 1st period - Slapshot by Jason Arnott.
9:26 of 1st period - Shot Misses the Net.
9:28 of 1st period - Wrist shot by Sergei Gonchar.
9:28 of 1st period - Stopped by Tuukka Rask with a rebound.
9:30 of 1st period - Slapshot by Derek Boogaard.
9:30 of 1st period - Shot Blocked by Drew Fata.
9:43 of 1st period - Minor Penalty to Jason Arnott for Hooking.
9:44 of 1st period - Nik Antropov wins face-off versus Patrick Kane in Kings zone.
11:43 of 1st period - Penalty to Jason Arnott is over, Jason Arnott is back on ice.
12:15 of 1st period - Antti Miettinen is hit by Brian Lee.
12:23 of 1st period - Wrist shot by Antti Miettinen.
12:23 of 1st period - Stopped by Tuukka Rask without a rebound.
12:24 of 1st period - Anze Kopitar wins face-off versus Steve Bernier in Blues zone.
12:54 of 1st period - Slapshot by Dan Boyle.
12:54 of 1st period - Shot Blocked by Adrian Aucoin.
13:14 of 1st period - Snap shot by Jonas Hoglund.
13:14 of 1st period - Stopped by Tuukka Rask with a rebound.
13:16 of 1st period - Slapshot by Jay Bouwmeester.
13:16 of 1st period - Shot Blocked by Bryce Lampman.
13:18 of 1st period - Slapshot by Jay Bouwmeester.
13:18 of 1st period - Stopped by Tuukka Rask without a rebound.
13:19 of 1st period - Guillaume Latendresse wins face-off versus Travis Zajac in Blues zone.
13:24 of 1st period - Wrist shot by Anze Kopitar.
13:24 of 1st period - Shot Misses the Net.
13:27 of 1st period - Minor Penalty to Patrick Kane for Holding.
13:28 of 1st period - Nik Antropov wins face-off versus Jason Arnott in Kings zone.
13:29 of 1st period - Slapshot by Dan Boyle.
13:29 of 1st period - Shot Blocked by Jay Bouwmeester.
14:03 of 1st period - Slapshot by Dan Boyle.
14:03 of 1st period - Shot Blocked by Bryan McCabe.
14:05 of 1st period - Slapshot by Dan Boyle.
14:05 of 1st period - Shot Blocked by Derek Boogaard.
14:07 of 1st period - Wrist shot by Jamie Langenbrunner.
14:07 of 1st period - Shot Misses the Net.
15:27 of 1st period - Penalty to Patrick Kane is over, Patrick Kane is back on ice.
15:38 of 1st period - Snap shot by Patrick Kane.
15:38 of 1st period - Stopped by Tuukka Rask with a rebound.
15:40 of 1st period - Snap shot by Alex Tanguay.
15:40 of 1st period - Shot Blocked by Brent Burns.
15:46 of 1st period - Snap shot by Patrick Kane.
15:46 of 1st period - Shot Misses the Net.
15:48 of 1st period - Wrist shot by Patrick Kane.
15:48 of 1st period - Stopped by Tuukka Rask with a rebound.
16:13 of 1st period - Snap shot by Jason Arnott.
16:13 of 1st period - Goal by Jason Arnott - Blues : 1 - Kings : 2.
16:14 of 1st period - Steve Regier wins face-off versus Travis Zajac in neutral zone.
16:21 of 1st period - Snap shot by Sergei Gonchar.
16:21 of 1st period - Deflect By Peter Regin.
16:21 of 1st period - Stopped by Tuukka Rask without a rebound.
16:22 of 1st period - Peter Regin wins face-off versus Travis Zajac in Blues zone.
17:35 of 1st period - Wrist shot by Jamie Langenbrunner.
17:35 of 1st period - Shot Blocked by Adrian Aucoin.
17:37 of 1st period - Slapshot by Joe Corvo.
17:37 of 1st period - Shot Blocked by Jeff Schultz.
17:39 of 1st period - Backhand shot by Brian Lee.
17:39 of 1st period - Stopped by Antti Niemi with a rebound.
17:41 of 1st period - Slapshot by Joe Corvo.
17:41 of 1st period - Stopped by Antti Niemi with a rebound.
17:43 of 1st period - Slapshot by Nik Antropov.
17:43 of 1st period - Stopped by Antti Niemi without a rebound.
17:44 of 1st period - Patrick Kane wins face-off versus Travis Zajac in Kings zone.
18:09 of 1st period - Blake Wheeler is hit by Bryan McCabe and loses puck.
18:14 of 1st period - Snap shot by Derick Brassard.
18:14 of 1st period - Shot Misses the Net.
18:16 of 1st period - Snap shot by Jonas Hoglund.
18:16 of 1st period - Stopped by Tuukka Rask without a rebound.
18:17 of 1st period - Jason Arnott wins face-off versus Travis Zajac in Blues zone.
18:18 of 1st period - Snap shot by Derek Boogaard.
18:18 of 1st period - Deflect By Jason Arnott.
18:18 of 1st period - Shot Blocked by Drew Fata.
18:18 of 1st period - Puck is out of play.
18:19 of 1st period - Jason Arnott wins face-off versus Travis Zajac in Blues zone.
18:26 of 1st period - Snap shot by Jason Arnott.
18:26 of 1st period - Stopped by Tuukka Rask without a rebound.
18:27 of 1st period - Travis Zajac wins face-off versus Jason Arnott in Blues zone.
18:35 of 1st period - Icing by Sergei Gonchar.
18:36 of 1st period - Jason Arnott wins face-off versus Travis Zajac in Kings zone.
19:21 of 1st period - Slapshot by Antti Miettinen.
19:21 of 1st period - Shot Misses the Net.
19:23 of 1st period - Snap shot by Antti Miettinen.
19:23 of 1st period - Stopped by Tuukka Rask without a rebound.
19:24 of 1st period - Travis Zajac wins face-off versus Anze Kopitar in Blues zone.
19:26 of 1st period - Icing by Dan Boyle.
19:27 of 1st period - Travis Zajac wins face-off versus Patrick Kane in Blues zone.
19:27 of 1st period - Travis Zajac is hit by Guillaume Latendresse.
19:50 of 1st period - Bryce Lampman is hit by Bryan McCabe and loses puck.
2nd period
0:01 of 2nd period - Travis Zajac wins face-off versus Anze Kopitar in neutral zone.
0:36 of 2nd period - Wrist shot by Jamie Langenbrunner.
0:36 of 2nd period - Shot Blocked by Jay Bouwmeester.
0:38 of 2nd period - Slapshot by Nik Antropov.
0:38 of 2nd period - Shot Blocked by Jason Arnott.
0:40 of 2nd period - Slapshot by Dan Boyle.
0:40 of 2nd period - Shot Misses the Net.
1:00 of 2nd period - Snap shot by Darcy Hordichuk.
1:00 of 2nd period - Stopped by Antti Niemi without a rebound.
1:01 of 2nd period - Travis Zajac wins face-off versus Anze Kopitar in Kings zone.
1:15 of 2nd period - Icing by Patrick Kane.
1:16 of 2nd period - Anze Kopitar wins face-off versus Nik Antropov in Kings zone.
1:43 of 2nd period - Guillaume Latendresse is hit by Blake Wheeler and loses puck.
2:10 of 2nd period - Snap shot by Steve Bernier.
2:10 of 2nd period - Shot Misses the Net.
2:12 of 2nd period - Slapshot by Joe Corvo.
2:12 of 2nd period - Deflect By Patrick Kane.
2:12 of 2nd period - Stopped by Antti Niemi with a rebound.
2:14 of 2nd period - Slapshot by Joe Corvo.
2:14 of 2nd period - Shot Misses the Net.
2:41 of 2nd period - Joe Corvo is hit by Danny Richmond and loses puck.
4:13 of 2nd period - Slapshot by Derek Boogaard.
4:13 of 2nd period - Shot Misses the Net.
4:33 of 2nd period - Derick Brassard is hit by Matthew Lombardi and loses puck.
4:59 of 2nd period - Peter Regin is hit by Jarome Iginla and loses puck.
5:14 of 2nd period - Slapshot by Sergei Gonchar.
5:14 of 2nd period - Shot Blocked by Andrew Cogliano.
5:16 of 2nd period - Wrist shot by Antti Miettinen.
5:16 of 2nd period - Stopped by Tuukka Rask with a rebound.
5:18 of 2nd period - Snap shot by Jason Arnott.
5:18 of 2nd period - Stopped by Tuukka Rask with a rebound.
5:20 of 2nd period - Slapshot by Antti Miettinen.
5:20 of 2nd period - Shot Misses the Net.
5:39 of 2nd period - Icing by Bryce Lampman.
5:40 of 2nd period - Derek Boogaard wins face-off versus Nik Antropov in Blues zone.
5:41 of 2nd period - Slapshot by Jason Arnott.
5:41 of 2nd period - Stopped by Tuukka Rask with a rebound.
5:51 of 2nd period - Wrist shot by Nik Antropov.
5:51 of 2nd period - Stopped by Antti Niemi without a rebound.
5:52 of 2nd period - Jason Arnott wins face-off versus Travis Zajac in Kings zone.
5:59 of 2nd period - Jason Arnott is hit by Travis Zajac and loses puck.
6:24 of 2nd period - Snap shot by Jamie Langenbrunner.
6:24 of 2nd period - Goal by Jamie Langenbrunner - Blues : 2 - Kings : 2.
6:25 of 2nd period - Anze Kopitar wins face-off versus Jarome Iginla in neutral zone.
6:51 of 2nd period - Bryce Lampman is hit by Jay Bouwmeester and loses puck.
7:00 of 2nd period - Snap shot by Derek Boogaard.
7:00 of 2nd period - Shot Hit the Post.
7:02 of 2nd period - Slapshot by Danny Richmond.
7:02 of 2nd period - Stopped by Tuukka Rask without a rebound.
7:03 of 2nd period - Travis Zajac wins face-off versus Derick Brassard in Blues zone.
7:03 of 2nd period - Travis Zajac is hit by Danny Richmond.
7:19 of 2nd period - Snap shot by Travis Zajac.
7:19 of 2nd period - Shot Misses the Net.
7:20 of 2nd period - Minor Penalty to Danny Richmond for Hooking.
7:20 of 2nd period - Minor Penalty to Jarome Iginla for Interference.
7:21 of 2nd period - Travis Zajac wins face-off versus Anze Kopitar in Kings zone.
7:58 of 2nd period - Paul Kariya is hit by Anze Kopitar and loses puck.
8:29 of 2nd period - Icing by Bryan McCabe.
8:30 of 2nd period - Blake Wheeler wins face-off versus Anze Kopitar in Kings zone.
8:33 of 2nd period - Snap shot by Kristian Huselius.
8:33 of 2nd period - Stopped by Antti Niemi without a rebound.
8:34 of 2nd period - Anze Kopitar wins face-off versus Blake Wheeler in Kings zone.
8:36 of 2nd period - Icing by Patrick Kane.
8:37 of 2nd period - Travis Zajac wins face-off versus Anze Kopitar in Kings zone.
8:42 of 2nd period - Wrist shot by Travis Zajac.
8:42 of 2nd period - Stopped by Antti Niemi without a rebound.
8:43 of 2nd period - Travis Zajac wins face-off versus Anze Kopitar in Kings zone.
8:44 of 2nd period - Snap shot by Paul Kariya.
8:44 of 2nd period - Shot Misses the Net.
9:20 of 2nd period - Penalty to Danny Richmond is over, Danny Richmond is back on ice.
9:20 of 2nd period - Penalty to Jarome Iginla is over, Jarome Iginla is back on ice.
9:28 of 2nd period - Wrist shot by Danny Richmond.
9:28 of 2nd period - Shot Misses the Net.
10:02 of 2nd period - Snap shot by Jason Arnott.
10:02 of 2nd period - Shot Blocked by Brent Burns.
10:14 of 2nd period - Snap shot by Nik Antropov.
10:14 of 2nd period - Shot Blocked by Adrian Aucoin.
10:18 of 2nd period - Wrist shot by Jarome Iginla.
10:18 of 2nd period - Shot Misses the Net.
10:20 of 2nd period - Wrist shot by Jarome Iginla.
10:20 of 2nd period - Stopped by Antti Niemi with a rebound.
10:22 of 2nd period - Slapshot by Brent Burns.
10:22 of 2nd period - Shot Misses the Net.
11:15 of 2nd period - Wrist shot by Jarome Iginla.
11:15 of 2nd period - Deflect By Nik Antropov.
11:15 of 2nd period - Stopped by Antti Niemi without a rebound.
11:16 of 2nd period - Anze Kopitar wins face-off versus Darcy Hordichuk in Kings zone.
11:20 of 2nd period - Minor Penalty to Anze Kopitar for Interference.
11:20 of 2nd period - Major Penalty to Darcy Hordichuk for Checking from behind.
11:21 of 2nd period - Travis Zajac wins face-off versus Guillaume Latendresse in neutral zone.
11:24 of 2nd period - Slapshot by Travis Zajac.
11:24 of 2nd period - Shot Blocked by Guillaume Latendresse.
11:26 of 2nd period - Slapshot by Travis Zajac.
11:26 of 2nd period - Stopped by Antti Niemi without a rebound.
11:27 of 2nd period - Travis Zajac wins face-off versus Guillaume Latendresse in Kings zone.
11:40 of 2nd period - Backhand shot by Travis Zajac.
11:40 of 2nd period - Stopped by Antti Niemi with a rebound.
11:42 of 2nd period - Slapshot by Travis Zajac.
11:42 of 2nd period - Stopped by Antti Niemi without a rebound.
11:43 of 2nd period - Travis Zajac wins face-off versus Guillaume Latendresse in Kings zone.
11:56 of 2nd period - Snap shot by Dan Boyle.
11:56 of 2nd period - Shot Misses the Net.
11:58 of 2nd period - Snap shot by Paul Kariya.
11:58 of 2nd period - Shot Blocked by Jay Bouwmeester.
12:50 of 2nd period - Icing by Guillaume Latendresse.
12:51 of 2nd period - Jason Arnott wins face-off versus Nik Antropov in Kings zone.
13:02 of 2nd period - Snap shot by Jason Arnott.
13:02 of 2nd period - Stopped by Tuukka Rask without a rebound.
13:03 of 2nd period - Travis Zajac wins face-off versus Guillaume Latendresse in Blues zone.
13:20 of 2nd period - Penalty to Anze Kopitar is over, Anze Kopitar is back on ice.
14:03 of 2nd period - Jay Bouwmeester is hit by Brent Burns and loses puck.
16:20 of 2nd period - Penalty to Darcy Hordichuk is over, Darcy Hordichuk is back on ice.
17:06 of 2nd period - Icing by Bryan McCabe.
17:07 of 2nd period - Jamie Langenbrunner wins face-off versus Peter Regin in Kings zone.
17:22 of 2nd period - Nik Antropov is hit by Peter Regin and loses puck.
18:13 of 2nd period - Minor Penalty to Adrian Aucoin for Tripping.
18:14 of 2nd period - Paul Kariya wins face-off versus Jason Arnott in Kings zone.
18:15 of 2nd period - Wrist shot by Nik Antropov.
18:15 of 2nd period - Stopped by Antti Niemi with a rebound.
18:17 of 2nd period - Wrist shot by Paul Kariya.
18:17 of 2nd period - Shot Misses the Net.
18:19 of 2nd period - Snap shot by Brian Lee.
18:19 of 2nd period - Shot Misses the Net.
18:21 of 2nd period - Snap shot by Nik Antropov.
18:21 of 2nd period - Shot Blocked by Sergei Gonchar.
18:23 of 2nd period - Slapshot by Jarome Iginla.
18:23 of 2nd period - Stopped by Antti Niemi without a rebound.
18:24 of 2nd period - Jason Arnott wins face-off versus Nik Antropov in Kings zone.
19:37 of 2nd period - Jay Bouwmeester is hit by Jarome Iginla and loses puck.
3rd period
0:01 of 3rd period - Nik Antropov wins face-off versus Jason Arnott in neutral zone.
0:10 of 3rd period - Snap shot by Paul Kariya.
0:10 of 3rd period - Shot Misses the Net.
0:12 of 3rd period - Slapshot by Dan Boyle.
0:12 of 3rd period - Shot Misses the Net.
0:13 of 3rd period - Penalty to Adrian Aucoin is over, Adrian Aucoin is back on ice.
0:14 of 3rd period - Slapshot by Dan Boyle.
0:14 of 3rd period - Deflect By Sergei Gonchar.
0:14 of 3rd period - Stopped by Antti Niemi with a rebound.
0:16 of 3rd period - Slapshot by Brent Burns.
0:16 of 3rd period - Shot Misses the Net.
0:58 of 3rd period - Snap shot by Kristian Huselius.
0:58 of 3rd period - Stopped by Antti Niemi without a rebound.
0:59 of 3rd period - Travis Zajac wins face-off versus Jason Arnott in Kings zone.
1:06 of 3rd period - Snap shot by Travis Zajac.
1:06 of 3rd period - Shot Blocked by Antti Miettinen.
1:33 of 3rd period - Snap shot by Patrick Kane.
1:33 of 3rd period - Stopped by Tuukka Rask with a rebound.
1:52 of 3rd period - Icing by Darcy Hordichuk.
1:53 of 3rd period - Jason Arnott wins face-off versus Matthew Lombardi in Blues zone.
1:54 of 3rd period - Wrist shot by Derek Boogaard.
1:54 of 3rd period - Deflect By Jason Arnott.
1:54 of 3rd period - Shot Blocked by Bryce Lampman.
1:54 of 3rd period - Puck is out of play.
1:55 of 3rd period - Travis Zajac wins face-off versus Jason Arnott in Blues zone.
2:08 of 3rd period - Wrist shot by Travis Zajac.
2:08 of 3rd period - Shot Misses the Net.
2:10 of 3rd period - Slapshot by Paul Kariya.
2:10 of 3rd period - Shot Misses the Net.
2:20 of 3rd period - Jason Arnott is hit by Bryce Lampman and loses puck.
2:39 of 3rd period - Backhand shot by Jason Arnott.
2:39 of 3rd period - Shot Misses the Net.
2:49 of 3rd period - Snap shot by Darcy Hordichuk.
2:49 of 3rd period - Stopped by Antti Niemi with a rebound.
2:53 of 3rd period - Snap shot by Matthew Lombardi.
2:53 of 3rd period - Stopped by Antti Niemi without a rebound.
2:53 of 3rd period - Minor Penalty to Antti Miettinen for Hooking.
2:54 of 3rd period - Jason Arnott wins face-off versus Nik Antropov in Kings zone.
3:09 of 3rd period - Slapshot by Jarome Iginla.
3:09 of 3rd period - Deflect By Nik Antropov.
3:09 of 3rd period - Goal by Nik Antropov - Blues : 3 - Kings : 2.
3:10 of 3rd period - Anze Kopitar wins face-off versus Travis Zajac in neutral zone.
3:36 of 3rd period - David Perron is hit by Derick Brassard and loses puck.
3:38 of 3rd period - Minor Penalty to Derick Brassard for Hooking.
3:39 of 3rd period - Jason Arnott wins face-off versus Nik Antropov in Kings zone.
5:38 of 3rd period - Penalty to Derick Brassard is over, Derick Brassard is back on ice.
5:53 of 3rd period - Adrian Aucoin is hit by Kristian Huselius and loses puck.
6:26 of 3rd period - Backhand shot by Derek Boogaard.
6:26 of 3rd period - Stopped by Tuukka Rask with a rebound.
6:38 of 3rd period - Darcy Hordichuk is hit by Jonas Hoglund and loses puck.
6:43 of 3rd period - Wrist shot by Jonas Hoglund.
6:43 of 3rd period - Stopped by Tuukka Rask without a rebound.
6:44 of 3rd period - Nik Antropov wins face-off versus Anze Kopitar in Blues zone.
6:59 of 3rd period - Minor Penalty to Brian Lee for Tripping.
7:00 of 3rd period - Anze Kopitar wins face-off versus Matthew Lombardi in Blues zone.
7:03 of 3rd period - Snap shot by Anze Kopitar.
7:03 of 3rd period - Shot Misses the Net.
7:05 of 3rd period - Snap shot by Guillaume Latendresse.
7:05 of 3rd period - Shot Misses the Net.
7:07 of 3rd period - Slapshot by Sergei Gonchar.
7:07 of 3rd period - Stopped by Tuukka Rask without a rebound.
7:08 of 3rd period - Matthew Lombardi wins face-off versus Anze Kopitar in Blues zone.
7:31 of 3rd period - Snap shot by Guillaume Latendresse.
7:31 of 3rd period - Deflect By Patrick Kane.
7:31 of 3rd period - Shot Misses the Net.
7:31 of 3rd period - Puck is out of play.
7:32 of 3rd period - Matthew Lombardi wins face-off versus Antti Miettinen in Blues zone.
7:57 of 3rd period - Anze Kopitar is hit by Nik Antropov and loses puck.
8:59 of 3rd period - Penalty to Brian Lee is over, Brian Lee is back on ice.
9:03 of 3rd period - Minor Penalty to Steve Regier for Roughing.
9:04 of 3rd period - Nik Antropov wins face-off versus Jason Arnott in Kings zone.
9:07 of 3rd period - Wrist shot by Paul Kariya.
9:07 of 3rd period - Stopped by Antti Niemi without a rebound.
9:08 of 3rd period - Jason Arnott wins face-off versus Nik Antropov in Kings zone.
9:17 of 3rd period - Minor Penalty to Jonas Hoglund for Interference.
9:18 of 3rd period - Anze Kopitar wins face-off versus Nik Antropov in Kings zone.
9:26 of 3rd period - Off-side.
9:27 of 3rd period - Nik Antropov wins face-off versus Anze Kopitar in neutral zone.
9:30 of 3rd period - Anze Kopitar is hit by Paul Kariya and loses puck.
9:49 of 3rd period - Wrist shot by Jarome Iginla.
9:49 of 3rd period - Shot Blocked by Jay Bouwmeester.
10:21 of 3rd period - Wrist shot by Nik Antropov.
10:21 of 3rd period - Shot Misses the Net.
10:25 of 3rd period - Snap shot by Paul Kariya.
10:25 of 3rd period - Shot Misses the Net.
10:27 of 3rd period - Snap shot by Paul Kariya.
10:27 of 3rd period - Stopped by Antti Niemi without a rebound.
10:28 of 3rd period - Jason Arnott wins face-off versus Travis Zajac in Kings zone.
10:54 of 3rd period - Jamie Langenbrunner is hit by Bryan McCabe and loses puck.
11:03 of 3rd period - Penalty to Steve Regier is over, Steve Regier is back on ice.
11:17 of 3rd period - Penalty to Jonas Hoglund is over, Jonas Hoglund is back on ice.
11:22 of 3rd period - Icing by Brent Burns.
11:23 of 3rd period - Nik Antropov wins face-off versus Derick Brassard in Blues zone.
11:38 of 3rd period - Slapshot by Adrian Aucoin.
11:38 of 3rd period - Shot Hit the Post.
11:40 of 3rd period - Wrist shot by Antti Miettinen.
11:40 of 3rd period - Goal by Antti Miettinen - Blues : 3 - Kings : 3.
11:41 of 3rd period - Anze Kopitar wins face-off versus Matthew Lombardi in neutral zone.
12:01 of 3rd period - Anze Kopitar is hit by Matthew Lombardi and loses puck.
12:16 of 3rd period - Slapshot by Dan Boyle.
12:16 of 3rd period - Shot Blocked by Sergei Gonchar.
12:17 of 3rd period - Minor Penalty to Jarome Iginla for Slashing.
12:18 of 3rd period - Anze Kopitar wins face-off versus Matthew Lombardi in Blues zone.
12:19 of 3rd period - Snap shot by Patrick Kane.
12:19 of 3rd period - Shot Hit the Post.
12:21 of 3rd period - Slapshot by Sergei Gonchar.
12:21 of 3rd period - Shot Blocked by Bryce Lampman.
12:23 of 3rd period - Snap shot by Patrick Kane.
12:23 of 3rd period - Goal by Patrick Kane - Blues : 3 - Kings : 4.
12:24 of 3rd period - Travis Zajac wins face-off versus Anze Kopitar in neutral zone.
12:29 of 3rd period - Wrist shot by Travis Zajac.
12:29 of 3rd period - Shot Misses the Net.
12:31 of 3rd period - Snap shot by Dan Boyle.
12:31 of 3rd period - Stopped by Antti Niemi with a rebound.
12:33 of 3rd period - Wrist shot by Paul Kariya.
12:33 of 3rd period - Stopped by Antti Niemi without a rebound.
12:34 of 3rd period - Travis Zajac wins face-off versus Anze Kopitar in Kings zone.
12:39 of 3rd period - Wrist shot by Travis Zajac.
12:39 of 3rd period - Stopped by Antti Niemi with a rebound.
12:41 of 3rd period - Wrist shot by Paul Kariya.
12:41 of 3rd period - Stopped by Antti Niemi without a rebound.
12:42 of 3rd period - Travis Zajac wins face-off versus Anze Kopitar in Kings zone.
14:32 of 3rd period - Slapshot by Antti Miettinen.
14:32 of 3rd period - Stopped by Tuukka Rask with a rebound.
15:43 of 3rd period - Andrew Cogliano is hit by Patrick Kane and loses puck.
16:02 of 3rd period - Snap shot by Jamie Langenbrunner.
16:02 of 3rd period - Goal by Jamie Langenbrunner - Blues : 4 - Kings : 4.
16:03 of 3rd period - Derick Brassard wins face-off versus Matthew Lombardi in neutral zone.
16:20 of 3rd period - Sergei Gonchar is hit by Matthew Lombardi and loses puck.
16:38 of 3rd period - Snap shot by Jarome Iginla.
16:38 of 3rd period - Shot Misses the Net.
16:40 of 3rd period - Slapshot by Dan Boyle.
16:40 of 3rd period - Stopped by Antti Niemi with a rebound.
17:18 of 3rd period - Snap shot by Derek Boogaard.
17:18 of 3rd period - Goal by Derek Boogaard - Blues : 4 - Kings : 5.
17:19 of 3rd period - Derick Brassard wins face-off versus Matthew Lombardi in neutral zone.
17:29 of 3rd period - Slapshot by Dan Boyle.
17:29 of 3rd period - Stopped by Antti Niemi without a rebound.
17:30 of 3rd period - Alex Tanguay wins face-off versus Matthew Lombardi in Kings zone.
17:47 of 3rd period - Alex Tanguay is hit by Matthew Lombardi.
17:51 of 3rd period - Derick Brassard is hit by Darcy Hordichuk and loses puck.
18:10 of 3rd period - Slapshot by Andrew Cogliano.
18:10 of 3rd period - Deflect By Kristian Huselius.
18:10 of 3rd period - Shot Misses the Net.
18:10 of 3rd period - Puck is out of play.
18:11 of 3rd period - Travis Zajac wins face-off versus Anze Kopitar in Kings zone.
18:14 of 3rd period - Wrist shot by Paul Kariya.
18:14 of 3rd period - Deflect By Travis Zajac.
18:14 of 3rd period - Shot Blocked by Danny Richmond.
18:14 of 3rd period - Puck is out of play.
18:15 of 3rd period - Anze Kopitar wins face-off versus Travis Zajac in Kings zone.
18:22 of 3rd period - Slapshot by Anze Kopitar.
18:22 of 3rd period - Stopped by Tuukka Rask with a rebound.
18:32 of 3rd period - Wrist shot by Patrick Kane.
18:32 of 3rd period - Stopped by Tuukka Rask with a rebound.
19:05 of 3rd period - Blues, Tuukka Rask is pulled from the net.
19:25 of 3rd period - Slapshot by Derek Boogaard.
19:25 of 3rd period - Shot Blocked by Drew Fata.
19:27 of 3rd period - Wrist shot by Jay Bouwmeester.
19:27 of 3rd period - Shot Misses the Net.
19:29 of 3rd period - Snap shot by Jonas Hoglund.
19:29 of 3rd period - Shot Misses the Net.
19:36 of 3rd period - Minor Penalty to Jonas Hoglund for Roughing.
19:37 of 3rd period - Jason Arnott wins face-off versus Travis Zajac in Kings zone.
19:37 of 3rd period - Jason Arnott is hit by Jamie Langenbrunner.
19:53 of 3rd period - Snap shot by Jay Bouwmeester.
19:53 of 3rd period - Shot Misses the Net.
19:59 of 3rd period - Jason Arnott is hit by Paul Kariya and loses puck.
Output by the SimonT Hockey Simulator (STHS) for François Prévost -- Original Page W3C XHTML 1.0 Valid